AoeStats
← FuzzyPeaches

Arena

507549808Analyzed
2v2 RM · 12d ago on Sep 18, 2026· 58m 32s· 4 players
Game mode
Random Map
Map size
Medium (4 player)
Population
200
Speed
Normal
Resources
Standard
Victory
Conquest
Starting age
Dark Age
Ending age
Imperial Age
RankedLock teamsTeams togetherTeam positionsShared explorationLock speedFull tech treeHidden civsTurbo modeCheats
Victory
Defeat
🇨🇦 Lithuanians · Canada
1106
+24
🇨🇦 Muisca · Canada
921
+23
🇨🇳 Spanish · China
1073
-19
🇨🇳 Turks · China
1068
-19
FuzzyPeaches
10:37 Feudal Age
9:27 Loom
11:12 Feudal Age
11:20 Feudal Age
15:55 Castle Age
13:58 Double-Bit Axe
17:15 Bow Saw
16:41 Light Cavalry
17:33 Bloodlines
20:19 Wheelbarrow
19:55 Horse Collar
21:57 Gold Mining
22:03 Town Watch
23:45 Husbandry
27:24 Heavy Plow
29:18 Scale Barding Armor
29:28 Forging
30:21 Chain Barding Armor
30:02 Fletching
32:14 Hand Cart
36:33 Imperial Age
35:31 Iron Casting
35:01 Bodkin Arrow
35:16 Stone Mining
37:12 Cavalier
38:29 Plate Barding Armor
37:55 Bracer
38:58 Chemistry
39:03 Stone Shaft Mining
40:36 Two-Man Saw
40:09 Crop Rotation
40:36 Conscription
41:18 Town Patrol
40:58 Paladin
43:23 Tower Shields
43:19 Winged Hussar
49:08 Guilds
49:29 Coinage
49:54 Hill Forts
53:40 Banking
Dgor
10:30 Feudal Age
14:15 Castle Age
13:03 Double-Bit Axe
13:21 Loom
14:03 Fletching
15:12 Horse Collar
17:29 Gold Mining
20:59 Stone Mining
21:58 Sanctity
24:25 Wheelbarrow
25:42 Town Watch
27:07 Hand Cart
27:47 Padded Archer Armor
31:16 Ballistics
31:18 Redemption
32:53 Gold Shaft Mining
32:31 Bow Saw
32:25 Heavy Plow
36:07 Imperial Age
35:18 Bodkin Arrow
35:34 Herbalism
37:18 Conscription
38:01 Hoardings
38:00 Illumination
38:15 Squires
38:45 Block Printing
39:06 Theocracy
39:05 Scale Mail Armor
39:16 Forging
39:14 Elite Guecha Warrior
40:04 Huaracas
41:52 Siege Engineers
43:00 Chemistry
42:33 Crop Rotation
43:06 Two-Man Saw
41:46 Champi Runner
42:57 Leather Archer Armor
42:43 Bracer
47:37 Iron Casting
47:50 Chain Mail Armor
47:36 Elite Temple Guard
49:48 Huaracas
50:18 Plate Mail Armor
51:00 Thumb Ring
Edmond.
12:42 Feudal Age
16:29 Castle Age
16:08 Loom
20:49 Imperial Age
18:34 Double-Bit Axe
19:15 Horse Collar
19:37 Gold Mining
23:24 Bow Saw
25:05 Ballistics
29:02 Padded Archer Armor
31:50 Stone Mining
32:02 Heavy Plow
34:07 Leather Archer Armor
35:04 Conscription
37:49 Wheelbarrow
38:30 Bloodlines
39:36 Ring Archer Armor
39:14 Scale Barding Armor
40:21 Two-Man Saw
39:44 Husbandry
41:03 Hand Cart
41:53 Thumb Ring
41:41 Fletching
44:20 Chain Barding Armor
44:43 Bodkin Arrow
45:03 Murder Holes
44:48 Heavy Camel Rider
47:07 Plate Barding Armor
47:00 Forging
47:25 Treadmill Crane
50:21 Caravan
50:51 Coinage
50:32 Guilds
Bar
6:44 Loom
10:22 Feudal Age
12:20 Double-Bit Axe
12:18 Horse Collar
14:45 Castle Age
13:03 Stone Mining
22:05 Fervor
21:54 Gold Mining
23:13 Ballistics
24:52 Padded Archer Armor
26:32 Wheelbarrow
26:39 Wheelbarrow
29:32 Imperial Age
28:21 Forging
28:18 Scale Barding Armor
29:00 Bow Saw
29:23 Heavy Plow
29:52 Husbandry
30:04 Bloodlines
30:43 Stone Shaft Mining
30:52 Town Watch
31:25 Hand Cart
30:59 Cavalier
32:32 Conscription
33:56 Iron Casting
33:43 Devotion
34:19 Chain Barding Armor
34:30 Town Patrol
35:59 Blast Furnace
35:24 Inquisition
35:40 Fortified Wall
35:41 Masonry
36:31 Plate Barding Armor
37:33 Block Printing
37:24 Paladin
38:30 Fletching
38:58 Guilds
39:29 Bodkin Arrow
40:36 Chemistry
40:47 Bracer
42:00 Faith
45:08 Elite Conquistador
50:17 Pikeman
50:59 Squires
51:00 Scale Mail Armor
50:55 Halberdier
54:20 Theocracy
56:50 Coinage
56:22 Caravan
56:07 Light Cavalry
59:18 Banking
Connection lost

Rejoining the realm…

Still unreachable

The connection could not be restored.

Session expired

The server has moved on; the page needs a fresh start.